 Dungeon Crawl Stone Soup version 0.17-a0-155-g14e20c2 (webtiles) character file.

114 Tabbe the Cudgeler (level 4, -2/50 HPs)
             Began as an Ogre Berserker on Mar 25, 2015.
             Was a Believer of Trog.
             Killed from afar by Sigmund (5 damage)
             ... with a wand of frost
             ... on level 3 of the Dungeon.
             The game lasted 00:02:53 (2223 turns).

Tabbe the Cudgeler (Ogre Berserker)                 Turns: 2223, Time: 00:02:53

Health: -2/50      AC:  3    Str: 23    XL:     4   Next: 98%
Magic:  4/4        EV: 10    Int: 11    God:    Trog [**....]
Gold:   106        SH:  0    Dex:  9    Spells: 0 memorised, 3 levels left

rFire  . . .     SeeInvis .     a - +0 mace
rCold  . . .     Clarity  .     b - +0 animal skin
rNeg   . . .     SustAb   .     (no shield)
rPois  .         Gourm    +     (helmet restricted)
rElec  .         Spirit   .     (no cloak)
rCorr  .         Warding  .     (gloves unavailable)
rMut   .         Stasis   .     (boots unavailable)
MR     ++...                    r - amulet of the gourmand
Stlth  +.........               (no ring)
                                (no ring)

@: brilliant, regenerating, very resistant to hostile enchantments, very
unstealthy
A: unfitting armour, tough skin 1
a: Burn Spellbooks, Berserk, Trog's Hand, Renounce Religion


You were on level 3 of the Dungeon.
You worshipped Trog.
Trog was pleased with you.
You were very hungry.

You visited 1 branch of the dungeon, and saw 3 of its levels.

You collected 106 gold pieces.

Inventory:

Hand weapons
 a - a +0 mace (weapon)
Missiles
 m - 5 javelins (quivered)
Armour
 b - a +0 animal skin (worn)
Jewellery
 i - an uncursed amulet of resist mutation
 r - an amulet of the gourmand (around neck)
Magical devices
 k - a wand of flame (28)
Scrolls
 e - a scroll of enchant armour {unknown}
 f - 2 scrolls of fear {unknown}
 h - a scroll of immolation {unknown}
 j - 3 scrolls of identify {unknown}
 l - a scroll of enchant weapon {unknown}
 n - 4 scrolls of remove curse {unknown}
 o - a scroll of noise {unknown}
Potions
 d - a potion of degeneration {unknown}
 s - a potion of haste {unknown}
Comestibles
 c - a meat ration
 g - 3 bread rations


   Skills:
 + Level 5.2 Fighting
 + Level 5.4 Maces & Flails
 + Level 3.5 Dodging


You had 3 spell levels left.
You didn't know any spells.

Dungeon Overview and Level Annotations

Branches:
Dungeon (3/15)

Altars:

Annotations:
D:3 Sigmund


Innate Abilities, Weirdness & Mutations

You are too large for most types of armour.
You have tough skin (AC +1).


Message History

You hit something. You miss something. Something hits you!
You closely miss something.
You feel the effects of Trog's Hand fading.
You hear a zap.
The puff of frost hits you!
You hit something.
You hear a zap.
The puff of frost hits you!
* * * LOW HITPOINT WARNING * * *
Drink which item? (? for menu, Esc to quit)
It was a potion of brilliance.
You feel clever all of a sudden.
You hear a zap.
The puff of frost hits you!
* * * LOW HITPOINT WARNING * * *
You closely miss something.
You hear a zap.
The puff of frost hits you!
You die...

..###..#
#.#
#..#...#
#.######
.....#.#
#......#
######.#
######.#
#### #.#
#.# ..)#
#.# #.#
...# #.#
#.#
...###.#
#.#
.......)
#@#
#####.##
#{# .#
.# ..#
.# #.##
.# #. ##
#. . #.
# .. .


There were no monsters in sight!

Vanquished Creatures
  3 adders
  A gnoll (D:1)
  A shadow imp (D:3)
  A giant mite (D:2)
  3 worms (D:2)
  3 giant geckos
  2 oozes
  9 bats
  5 hobgoblins (D:2)
  5 kobolds
  5 giant cockroaches
  3 giant newts (D:1)
  6 goblins
  7 rats
54 creatures vanquished.

Notes
Turn   | Place    | Note
--------------------------------------------------------------
     0 | D:1      | Tabbe, the Ogre Berserker, began the quest for the Orb.
     0 | D:1      | Reached XP level 1. HP: 24/24 MP: 1/1
   220 | D:1      | Reached XP level 2. HP: 21/32 MP: 2/2
   308 | D:1      | Acquired Trog's second power
   355 | D:1      | Reached XP level 3. HP: 20/40 MP: 3/3
  1083 | D:2      | Reached skill level 5 in Maces & Flails
  1286 | D:2      | Reached XP level 4. HP: 30/49 MP: 4/4
  1905 | D:2      | Reached skill level 5 in Fighting
  2204 | D:3      | Noticed Sigmund
  2222 | D:3      | HP: 1/50 [something/wand of frost (7)]
  2223 | D:3      | Killed from afar by Sigmund

Action                   |  1- 3 |  4- 6 || total
-------------------------+-------+-------++-------
Melee: Mace              |   110 |    71 ||   181
Invok: Berserk           |     1 |       ||     1
       Trog's Hand       |     1 |     1 ||     2
  Use: Potion            |       |     2 ||     2
  Eat: Chunk             |     2 |     1 ||     3
       Beef jerky        |       |     1 ||     1
